 Dungeon Crawl Stone Soup version 0.25.0-11-g1f837a76a1 (webtiles) character file.

Game seed: 15029750350008933843

45 Esekla the Grave Robber (level 3, 0/23 HPs)
             Began as an Octopode Necromancer on June 27, 2020.
             Slain by a gnoll
             ... wielding a +0 spear
              (8 damage)
             ... on level 2 of the Dungeon.
             The game lasted 00:08:11 (2523 turns).

Esekla the Grave Robber (Octopode Necromancer)      Turns: 2523, Time: 00:08:11

Health: 0/23       AC:  1    Str:  8    XL:     3   Next: 64%
Magic:  7/7        EV:  9    Int: 17    God:
Gold:   151        SH:  0    Dex: 12    Spells: 6/7 levels left

rFire    . . .     SeeInvis .   c - +0 dagger
rCold    . . .     Gourm    .   (no shield)
rNeg     . . .     Faith    .   (helmet restricted)
rPois    .         Spirit   .   (no amulet)
rElec    .         Reflect  .   f - -4 ring of evasion (curse)
rCorr    .         Harm     .   j - ring of protection from magic
MR       +....                  (no ring)
Stlth    +++.......             (no ring)
HPRegen  0.07/turn              (no ring)
MPRegen  0.10/turn              (no ring)
                                (no ring)
                                (no ring)

@: no status effects
A: almost no armour, stealthy swim, amphibious, 8 rings, constrict 8, camouflage
1, gelatinous body 1
a: no special abilities


You were on level 2 of the Dungeon.
You were very hungry.

You visited 1 branch of the dungeon, and saw 2 of its levels.

You collected 151 gold pieces.

Inventory:

Hand Weapons
 c - a +0 dagger (weapon)
 k - a +0 spear
Missiles
 a - 22 poisoned darts (quivered)
Jewellery
 f - a cursed -4 ring of evasion (left tentacle)
 j - a ring of protection from magic (right tentacle)
Scrolls
 h - 3 scrolls of identify
Potions
 d - a potion of flight
 e - a potion of haste {unknown}
 g - a potion of curing {unknown}
 i - a potion of cancellation {unknown}
Comestibles
 b - 4 rations


   Skills:
 * Level 1.4 Fighting
 + Level 0.7 Short Blades
 * Level 2.3 Dodging
 + Level 2.7 Stealth
 * Level 2.9 Spellcasting
 - Level 4.0 Necromancy


You had 6 spell levels left.
You knew the following spells:

 Your Spells              Type           Power        Failure   Level  Hunger
a - Pain                  Necr           ###.         3%          1    #......

Your spell library contained the following spells:

 Spells                   Type           Power        Failure   Level  Hunger
 Animate Skeleton         Necr           N/A          3%          1    #......
 Vampiric Draining        Necr           ###.......   11%         3    ###....
 Animate Dead             Necr           N/A          34%         4    #####..
 Agony                    Necr           ###.....     67%         5    ######.


Dungeon Overview and Level Annotations

Branches:
Dungeon (2/15)

Altars:
Qazlal
Zin


Innate Abilities, Weirdness & Mutations

You cannot wear most types of armour.
You are very stealthy in the water. (Stealth+)
You are amphibious.
You can wear up to eight rings at the same time.
You can use your tentacles to constrict eight enemies at once.
Your skin changes colour to match your surroundings (Stealth+).
Your rubbery body absorbs attacks. (AC +1, EV +1)


Message History

You see here a spear.
k - a spear
There is a stone staircase leading down here.
There is an open door here.
You are feeling very hungry.
You open the door.
A gnoll comes into view. It is wielding a +0 spear.
Found 9 gold pieces and a smoky silvery potion.
A gnoll comes into view. It is wielding a +0 spear.
There is an open door here.
A gnoll comes into view. It is wielding a +0 club.
You see here 9 gold pieces.
You now have 151 gold pieces (gained 9).
The gnoll shouts!
The gnoll hits you from afar with a +0 spear!
The gnoll shouts! x2
The gnoll hits you with a +0 spear.
The gnoll hits you from afar with a +0 spear.
The gnoll hits you with a +0 spear!
You die...

#.##. ########## #.##'
#..!.....# #.#..
#........# #.#..
#........# #.#..
#........######.#..
#..g.....#...##....
######..g.....#...####..
.......@.g....'...'.....
######........#...####..
#........#.........
##########...######
#.### #.# #.# #.# #.#


You could see 3 gnolls.

Vanquished Creatures
  An adder (D:2)
  An ooze (D:2)
  A worm (D:2)
  A leopard gecko (D:2)
  2 giant cockroaches (D:1)
  3 hobgoblins
  3 kobolds
  5 bats
  A frilled lizard (D:1)
  6 goblins
  4 rats
28 creatures vanquished.

Notes
Turn   | Place    | Note
-------+----------+-------------------------------------------
     0 | D:1      | Esekla the Octopode Necromancer began the quest for the
                  | Orb.
     0 | D:1      | Reached XP level 1. HP: 11/11 MP: 3/3
   881 | D:1      | Reached XP level 2. HP: 18/18 MP: 1/5
  1618 | D:2      | Reached skill level 1 in Fighting
  1618 | D:2      | Reached XP level 3. HP: 11/23 MP: 4/7
  1956 | D:2      | Found a glowing silver altar of Zin.
  2132 | D:2      | Found a stormy altar of Qazlal.
  2134 | D:2      | Noticed a water elemental
  2135 | D:2      | Noticed an earth elemental
  2135 | D:2      | Noticed an air elemental
  2135 | D:2      | Noticed a fire elemental
  2523 | D:2      | Slain by a gnoll

Illustrated notes

Levels and vault maps discovered:
D:1:      lemuel_arrival_behind_the_door_large, layout_basic
D:2:      layout_basic, zin_academy, nicolae_qazlal_style_of_elements

Skill      XL: |  1  2 |
---------------+-------+-----
Fighting       | 1 |  1.4
Short Blades   | |  0.7
Dodging        | |  2.3
Stealth        | |  2.7
Spellcasting   | |  2.9
Necromancy     | |  4.0

Action                   || total
-------------------------++-------
Melee: Unarmed           ||     4
       Constrict         ||    12
       Dagger            ||    40
       Tentacles         ||     3
 Cast: Pain              ||    26
  Use: Scroll            ||     3
 Stab: Sleeping          ||     3
  Eat: Chunk             ||     4
Armor: Skin              ||     3
Dodge: Dodged            ||    28
